AoeStats
← tonyascecas

Arabia

510028477Analyzed
1v1 RM · 3d ago on Sep 29, 2026· 29m 43s· 2 players
Game mode
Random Map
Map size
Tiny (2 player)
Population
200
Speed
Normal
Resources
Standard
Victory
Conquest
Starting age
Dark Age
Ending age
Imperial Age
RankedLock teamsTeams togetherTeam positionsShared explorationLock speedFull tech treeHidden civsTurbo modeCheats
Victory
Defeat
🇵🇪 Saxons · Peru
1301
+15
🇨🇦 Portuguese · Canada
1275
-15
Silence
6:03 Loom
9:21 Feudal Age
10:37 Feudal Age
10:39 Man-at-Arms
13:53 Double-Bit Axe
19:18 Fletching
19:59 Padded Archer Armor
23:04 Castle Age
21:54 Gold Mining
24:53 Crossbowman
tonyascecas
7:11 Loom
9:25 Feudal Age
9:40 Man-at-Arms
10:19 Horse Collar
16:15 Double-Bit Axe
17:32 Fletching
22:44 Castle Age
21:49 Padded Archer Armor
23:34 Bloodlines
24:17 Bow Saw
24:00 Gold Mining
24:24 Bodkin Arrow
25:40 Husbandry
27:21 Thumb Ring
29:22 Leather Archer Armor
Connection lost

Rejoining the realm…

Still unreachable

The connection could not be restored.

Session expired

The server has moved on; the page needs a fresh start.